 Dungeon Crawl Stone Soup version 0.31-a0-358-gac0dbeb3ab (webtiles) character file.

Game seed: 18092175038051122465

469 AIAndy the Magician (level 7, 0/45 HPs)
             Began as a Djinni Fire Elementalist on July 26, 2023.
             Slain by an iguana (8 damage)
             ... on level 5 of the Dungeon.
             The game lasted 00:06:37 (4257 turns).

AIAndy the Magician (Djinni Fire Elementalist)      Turns: 4257, Time: 00:06:37

Health: 0/45       AC:  9    Str:  7    XL:     7   Next: 30%
Gold:   310        EV: 17    Int: 19    God:
                   SH:  0    Dex: 10

rFire   + + .        (no weapon)
rCold   x . .        (no shield)
rNeg    . . .        a - +0 robe
rPois   ∞            k - +2 helmet of Love and Death {rPois rCorr Dex-3 Stlth+}
rElec   .            (no cloak)
rCorr   +            (no gloves)
SInv    .            (boots unavailable)
Will    .....        (no amulet)
Stlth   +++          O - +4 ring of protection
HPRegen 0.27/turn    E - +5 ring of evasion
MPRegen 0.00/turn

%: infuse magic (-1 HP)
@: mighty, flying
A: sickness immunity, fire resistance 2, cold vulnerability 1, float, innate
caster, HP casting, extra vitality 1
a: no special abilities


You were on level 5 of the Dungeon.
You visited 1 branch of the dungeon, and saw 5 of its levels.

You collected 310 gold pieces.


Innate Abilities, Weirdness & Mutations

You are immune to sickness and miasma.
You are immune to poison.
Your flesh is very heat resistant. (rF++)
You are vulnerable to cold. (rC-)
You float through the air rather than walking.
You learn spells naturally, not from books.
Your magical power is your life essence.
You have superior vitality. (+4 MHP)


   Skills:
 - Level 2.1 Dodging
 - Level 1.5 Stealth
 + Level 6.1 Spellcasting
 + Level 6.1 Conjurations
 + Level 6.1 Hexes
 + Level 6.1 Summonings
 + Level 6.1 Necromancy
 + Level 6.1 Translocations
 + Level 6.1 Transmutations
 + Level 6.1 Fire Magic
 + Level 6.1 Ice Magic
 + Level 6.1 Air Magic
 + Level 6.1 Earth Magic
 + Level 6.1 Poison Magic


You knew the following spells:

 Your Spells              Type           Power      Damage    Failure   Level
a - Flame Wave            Conj/Fire      29%        2d9       9%          4
b - Wereblood             Tmut           29%        N/A       1%          2
f - Inner Flame           Hex/Fire       29%        N/A       2%          3
z - Sting                 Tmut/Pois      100%       1d8       1%          1
I - Blink                 Tloc           58%        N/A       1%          2
X - Foxfire               Conj/Fire      100%       2x1d9     1%          1
Y - Scorch                Fire           58%        2d7       1%          2
Z - Volatile Blastmotes   Fire/Tloc      58%        2d14      2%          3
Your spell library was empty.

Inventory:

Hand Weapons
 m - a +2 glaive of venom
Armour
 a - a +0 robe (worn)
 k - the +2 helmet of Love and Death (worn) {rPois rCorr Dex-3 Stlth+}
   (You found it on level 4 of the Dungeon)

   Dex:       It affects your dexterity (-3).
   rPois:     It protects you from poison.
   rCorr:     It protects you from acid and corrosion.
   Stlth:     It makes you more stealthy.
Jewellery
 E - a +5 ring of evasion (right hand)
 F - a ring of protection from fire
 O - a +4 ring of protection (left hand)
Wands
 n - a wand of polymorph (5)
Scrolls
 b - a scroll of amnesia {unknown}
 c - a scroll of immolation {unknown}
 d - 2 scrolls of noise {unknown}
 e - 2 scrolls of identify {unknown}
 f - 2 scrolls of vulnerability {unknown}
 g - 2 scrolls of teleportation {unknown}
 l - 2 scrolls of blinking {unknown}
 o - 3 scrolls of fear {unknown}
Potions
 h - 2 potions of might
 i - a potion of lignification {unknown}
 j - a potion of curing {@q1}
 p - a potion of brilliance {unknown}

Dungeon Overview and Level Annotations

Branches:
Dungeon (5/15)
 Temple: D:4-7

Altars:
Ashenzari
Gozag
Ru
Yredelemnul
The Shining One

#.# #.# #.# #.#.# #.# #.#.#
#.# #.#.# #.# #.#.#
####.####.#.# #.........#.#
▒▒ #.##.######.# .▒
#.##.######@#### ..▒▒
#.##......v.lg.###...▒
######.############...).#.▒▒.
.......# ###..)).... ########
####..... ####


You could see an iguana (ally target) and a gnoll.


Message History

* * * LOW HITPOINT WARNING * * *
The iguana misses you.
Your foxfire dissipates!
The foxfire hits the iguana.
The iguana is heavily wounded.
Casting: Foxfire (safe; 1% risk of failure)
Confirm with . or Enter, or press ? or * to list all spells.
You conjure some foxfire!
* * * LOW HITPOINT WARNING * * *
The foxfire hits the gnoll but does no damage.
The gnoll is severely wounded.
The iguana closely misses you.
Your foxfire dissipates!
Casting: Foxfire (safe; 1% risk of failure)
Confirm with . or Enter, or press ? or * to list all spells.
You conjure some foxfire!
* * * LOW HITPOINT WARNING * * *
The iguana bites you but does no damage.
Your foxfire dissipates!
The iguana attacks as you move away! The iguana barely misses you.
The foxfire hits the iguana.
The iguana is heavily wounded.
Casting: Foxfire (safe; 1% risk of failure)
Confirm with . or Enter, or press ? or * to list all spells.
You conjure some foxfire!
* * * LOW HITPOINT WARNING * * *
The iguana misses you.
Your foxfire dissipates!
The iguana attacks as you move away! The iguana bites you!
You die...

Skill      XL: |  1  2  3  4  5  6  7 |
---------------+----------------------+-----
Spellcasting   | 4 5 6 |  6.1
Conjurations   | 4 5 6 |  6.1
Hexes          | 4 5 6 |  6.1
Summonings     | 4 5 6 |  6.1
Necromancy     | 4 5 6 |  6.1
Translocations | 4 5 6 |  6.1
Transmutations | 4 5 6 |  6.1
Fire Magic     | 4 5 6 |  6.1
Ice Magic      | 4 5 6 |  6.1
Air Magic      | 4 5 6 |  6.1
Earth Magic    | 4 5 6 |  6.1
Poison Magic   | 4 5 6 |  6.1
Dodging        | |  2.1
Stealth        | |  1.5

Action                     |  1- 3 |  4- 6 |  7- 9 || total
---------------------------+-------+-------+-------++-------
   Cast: Foxfire           |    65 |    49 |     9 ||   123
         Scorch            |     9 |    38 |    14 ||    61
    Use: Potion            |       |       |     2 ||     2
 Armour: Robe              |       |     9 |     4 ||    13
  Dodge: Dodged            |     1 |    13 |    19 ||    33

Levels and vault maps discovered:
D:1:      matt_arrival_spirals, layout_basic, minmay_splitting_lines,
          minivault_14
D:2:      layout_loops_ring, basic_altar
D:3:      layout_loops_corners, lemuel_coloured_pillars_altar,
          kennysheep_generic_room_16
D:4:      layout_loops_ring, gammafunk_temple_overflow_forgotten
D:5:      layout_loops_ring, kiku_gazebo_garden_becter,
          mainiacjoe_overflow_catch_the_wave

Notes
Turn   | Place    | Note
-------+----------+-------------------------------------------
     0 | D:1      | Reached skill level 3 in Spellcasting
     0 | D:1      | Reached skill level 3 in Conjurations
     0 | D:1      | Reached skill level 3 in Hexes
     0 | D:1      | Reached skill level 3 in Summonings
     0 | D:1      | Reached skill level 3 in Necromancy
     0 | D:1      | Reached skill level 3 in Translocations
     0 | D:1      | Reached skill level 3 in Transmutations
     0 | D:1      | Reached skill level 3 in Fire Magic
     0 | D:1      | Reached skill level 3 in Ice Magic
     0 | D:1      | Reached skill level 3 in Air Magic
     0 | D:1      | Reached skill level 3 in Earth Magic
     0 | D:1      | Reached skill level 3 in Poison Magic
     0 | D:1      | AIAndy the Djinni Fire Elementalist began the quest for the
                  | Orb.
     0 | D:1      | AIAndy set off with the following spells memorised:
                  | Foxfire, Scorch, Volatile Blastmotes, Inner Flame, Flame
                  | Wave.
     0 | D:1      | Reached XP level 1. HP: 15/15 MP: 0/0
   190 | D:1      | Reached XP level 2. HP: 19/21 MP: 0/0
   766 | D:1      | Reached XP level 3. HP: 21/25 MP: 0/0
   766 | D:1      | Learned a level 1 spell: Sting
   912 | D:2      | Found a broken altar of Ashenzari.
  1576 | D:2      | Reached XP level 4. HP: 29/31 MP: 0/0
  1718 | D:3      | Reached skill level 4 in Spellcasting
  1718 | D:3      | Reached skill level 4 in Conjurations
  1718 | D:3      | Reached skill level 4 in Hexes
  1718 | D:3      | Reached skill level 4 in Summonings
  1718 | D:3      | Reached skill level 4 in Necromancy
  1718 | D:3      | Reached skill level 4 in Translocations
  1718 | D:3      | Reached skill level 4 in Transmutations
  1718 | D:3      | Reached skill level 4 in Fire Magic
  1718 | D:3      | Reached skill level 4 in Ice Magic
  1718 | D:3      | Reached skill level 4 in Air Magic
  1718 | D:3      | Reached skill level 4 in Earth Magic
  1718 | D:3      | Reached skill level 4 in Poison Magic
  2110 | D:3      | Reached XP level 5. HP: 32/35 MP: 0/0
  2110 | D:3      | Learned a level 2 spell: Wereblood
  2584 | D:3      | Found a glowing golden altar of the Shining One.
  2780 | D:4      | Identified the +2 helmet of Love and Death {rPois rCorr
                  | Dex-3 Stlth+}
  2897 | D:4      | Noticed a phantom
  2910 | D:4      | Killed a phantom
  2911 | D:4      | Reached skill level 5 in Spellcasting
  2911 | D:4      | Reached skill level 5 in Conjurations
  2911 | D:4      | Reached skill level 5 in Hexes
  2911 | D:4      | Reached skill level 5 in Summonings
  2911 | D:4      | Reached skill level 5 in Necromancy
  2911 | D:4      | Reached skill level 5 in Translocations
  2911 | D:4      | Reached skill level 5 in Transmutations
  2911 | D:4      | Reached skill level 5 in Fire Magic
  2911 | D:4      | Reached skill level 5 in Ice Magic
  2911 | D:4      | Reached skill level 5 in Air Magic
  2911 | D:4      | Reached skill level 5 in Earth Magic
  2911 | D:4      | Reached skill level 5 in Poison Magic
  2911 | D:4      | Reached XP level 6. HP: 19/40 MP: 0/0
  3312 | D:4      | Found an opulent altar of Gozag.
  3315 | D:4      | Found a sacrificial altar of Ru.
  3731 | D:5      | Entered Level 5 of the Dungeon
  3744 | D:5      | Reached XP level 7. HP: 38/45 MP: 0/0
  3744 | D:5      | Learned a level 2 spell: Blink
  3823 | D:5      | Found a basalt altar of Yredelemnul.
  3964 | D:5      | Reached skill level 6 in Spellcasting
  3964 | D:5      | Reached skill level 6 in Conjurations
  3964 | D:5      | Reached skill level 6 in Hexes
  3964 | D:5      | Reached skill level 6 in Summonings
  3964 | D:5      | Reached skill level 6 in Necromancy
  3964 | D:5      | Reached skill level 6 in Translocations
  3964 | D:5      | Reached skill level 6 in Transmutations
  3964 | D:5      | Reached skill level 6 in Fire Magic
  3964 | D:5      | Reached skill level 6 in Ice Magic
  3964 | D:5      | Reached skill level 6 in Air Magic
  3964 | D:5      | Reached skill level 6 in Earth Magic
  3964 | D:5      | Reached skill level 6 in Poison Magic
  4243 | D:5      | HP: 2/45 [gnoll/+0 flail (5)]
  4257 | D:5      | Slain by an iguana

Vanquished Creatures
  2 phantoms
  A scorpion (D:4)
  2 orc priests
  An orc wizard (D:4)
  3 gnolls (D:5)
  8 adders
  A shadow imp (D:5)
  A worm (D:5)
  2 dart slugs
  8 orcs
  6 endoplasms
  4 giant cockroaches
  8 hobgoblins
  5 kobolds
  A quokka (D:1)
  6 ball pythons
  6 bats
  2 frilled lizards
  4 goblins (D:3)
  3 rats
74 creatures vanquished.

Vanquished Creatures (others)
  187 foxfires
187 creatures vanquished.

Grand Total: 261 creatures vanquished

Table legend: (Time is in decaauts)
 A = Elapsed time spent in this place.
 B = Non-inter-level travel time spent in this place.
 C = Inter-level travel time spent in this place.
 D = Time resting spent in this place.
 E = Time spent auto-exploring this place.
 F = Levels seen in this place.
 G = Mean time per level.
                   A        B        C        D        E       F      G
               +--------+--------+--------+--------+--------+-----+--------+
         Total |   4253 |   4146 |    107 |      0 |   3648 |   5 |  850.6 |
       Dungeon |   4253 |   4146 |    107 |      0 |   3648 |   5 |  850.6 |
               +--------+--------+--------+--------+--------+-----+--------+

Top non-repeatable levels by time:
     D:3: 1095 daAuts
     D:4: 956 daAuts
     D:1: 912 daAuts
     D:2: 765 daAuts
     D:5: 524 daAuts

Table legend:
 A = Non-vault XP
 B = Vault XP
 C = Vault XP percentage of total XP
 D = Non-vault monster count
 E = Vault monster count
 F = Vault count percentage of total count
                 A         B        C        D         E       F
            +---------+---------+-------+---------+---------+-------
      Total |     666 |       4 |   0.6 |      72 |       2 |   2.7
            +---------+---------+-------+---------+---------+-------
        D:1 |      31 |       0 |   0.0 |      17 |       0 |   0.0
        D:2 |      38 |       0 |   0.0 |       9 |       0 |   0.0
        D:3 |      88 |       4 |   4.3 |      20 |       2 |   9.1
        D:4 |     335 |       0 |   0.0 |      18 |       0 |   0.0
        D:5 |     174 |       0 |   0.0 |       8 |       0 |   0.0
            +---------+---------+-------+---------+---------+-------
